 Dungeon Crawl Stone Soup version 0.30-a0-54-g2e61a25929 (webtiles) character file.

Game seed: 6286690897122315373

76 LnG the Trooper (level 4, -2/40 HPs)
             Began as a Hill Orc Fighter on Sept 7, 2022.
             Slain by Sigmund
             ... wielding a +0 scythe
              (10 damage)
             ... on level 2 of the Dungeon.
             The game lasted 00:02:41 (1668 turns).

LnG the Trooper (Hill Orc Fighter)                  Turns: 1668, Time: 00:02:42

Health: -2/40      AC:  7    Str: 20    XL:     4   Next: 32%
Magic:  4/4        EV:  9    Int:  8    God:
Gold:   102        SH:  4    Dex: 10    Spells: 3/3 levels left

rFire   . . .      SeeInvis .    a - +0 war axe
rCold   + . .      Faith    .    c - +0 buckler
rNeg    . . .      Spirit   .    b - +0 scale mail
rPois   .          Reflect  .    (no helmet)
rElec   .          Harm     .    (no cloak)
rCorr   .          Rampage  .    (no gloves)
Will    .....                    (no boots)
Stlth   ..........               e - amulet of the acrobat
HPRegen 0.13/turn                h - ring of protection from cold
MPRegen 0.09/turn                (no ring)

@: mighty
A: no striking features
a: no special abilities


You were on level 2 of the Dungeon.
You visited 1 branch of the dungeon, and saw 2 of its levels.

You collected 102 gold pieces.

Inventory:

Hand Weapons
 a - a +0 war axe (weapon)
Armour
 b - a +0 scale mail (worn)
 c - a +0 buckler (worn)
Jewellery
 e - an amulet of the acrobat (around neck)
 h - a ring of protection from cold (left hand)
Scrolls
 g - a scroll of teleportation {unknown}
Potions
 f - a potion of heal wounds {unknown}
 i - a potion of lignification {unknown}
 j - 2 potions of haste {unknown}


   Skills:
 + Level 4.1 Fighting
 + Level 4.0 Axes
 + Level 4.1 Armour
 + Level 0.2 Dodging
 + Level 3.7 Shields


You had 3 spell levels left.
You didn't know any spells.
Your spell library was empty.

Dungeon Overview and Level Annotations

Branches:
Dungeon (2/15)

Altars:

Shops:
D:1 [

Annotations:
D:2 Sigmund


Message History

Sigmund is moderately wounded.
Sigmund hits you with a +0 scythe!
You barely miss Sigmund.
Sigmund is moderately wounded.
Sigmund gestures at you while chanting. The puff of flame hits you!
You closely miss Sigmund.
Sigmund is moderately wounded.
Sigmund flickers, as though insubstantial.
Sigmund hits you with a +0 scythe.
You closely miss Sigmund.
Sigmund is moderately wounded.
Sigmund closely misses you.
You closely miss Sigmund.
Sigmund is moderately wounded.
Sigmund barely misses you.
You closely miss Sigmund.
Sigmund is moderately wounded.
Sigmund hits you but does no damage.
You slash Sigmund!
Sigmund is severely wounded.
Sigmund casts a spell at you. The magic dart hits you.
You hit Sigmund.
Sigmund is severely wounded.
Sigmund points at you and mumbles some strange words.
The magic dart hits you.
* * * LOW HITPOINT WARNING * * *
You hit Sigmund.
Sigmund is almost dead.
Sigmund screams, "Die, monster!"
Sigmund barely misses you.
You closely miss Sigmund.
Sigmund is almost dead.
Sigmund hits you with a +0 scythe.
* * * LOW HITPOINT WARNING * * *
You closely miss Sigmund.
Sigmund is almost dead.
Sigmund hits you with a +0 scythe!
You die...

#..###..........................
##. ##########..#..####.......)
#..#...# #........ #..#.#.#
#........ #$.#.#.# #........
#..#...###...#####
#!.##....#.#.# ##..####....#.##
#.@.# #.....#..# #@.##
#........#### ...<#
#....##...... #....#
#.....##.###. ...#... #.>)..##.#
## ....#.#.###...#.##.#
.........<.#..##....# ....
.##......###...# ##
###..........###.


You could see Sigmund.

Vanquished Creatures
  4 adders (D:2)
  A dart slug (D:1)
  4 endoplasms
  A giant cockroach (D:1)
  2 goblins
  6 hobgoblins
  3 jackals (D:2)
  A quokka (D:2)
  7 ball pythons
  2 bats (D:2)
  A frilled lizard (D:1)
  4 kobolds
  3 rats
39 creatures vanquished.

Notes
Turn   | Place    | Note
-------+----------+-------------------------------------------
     0 | D:1      | LnG the Hill Orc Fighter began the quest for the Orb.
     0 | D:1      | Reached XP level 1. HP: 19/19 MP: 1/1
   396 | D:1      | Reached XP level 2. HP: 27/27 MP: 2/2
   592 | D:1      | Found Noppof's Antique Armour Emporium.
   931 | D:1      | Reached XP level 3. HP: 33/33 MP: 3/3
  1413 | D:2      | Reached XP level 4. HP: 35/40 MP: 4/4
  1501 | D:2      | Found a faded altar of an unknown god.
  1651 | D:2      | Noticed Sigmund
  1668 | D:2      | Slain by Sigmund

Illustrated notes

Levels and vault maps discovered:
D:1:      saegor_arrival_miasma, layout_basic, serial_shops, nicolae_shop_trees,
          kennysheep_nondescript
D:2:      layout_rooms, basic_ecumenical_altar, uniq_sigmund

Skill      XL: |  1  2  3  4 |
---------------+-------------+-----
Axes           | 3 4 |  4.0
Fighting       | 4 |  4.1
Armour         | 4 |  4.1
Dodging        | |  0.2
Shields        | |  3.7

Action                   |  1- 3 |  4- 6 || total
-------------------------+-------+-------++-------
Melee: War axe           |   106 |    32 ||   138
  Use: Potion            |       |     1 ||     1
Armor: Scale mail        |    63 |     9 ||    72
Dodge: Dodged            |    60 |    17 ||    77
Block: Buckler           |    24 |     2 ||    26

Table legend: (Time is in decaauts)
 A = Elapsed time spent in this place.
 B = Non-inter-level travel time spent in this place.
 C = Inter-level travel time spent in this place.
 D = Time resting spent in this place.
 E = Time spent auto-exploring this place.
 F = Levels seen in this place.
 G = Mean time per level.
                   A        B        C        D        E       F      G
               +--------+--------+--------+--------+--------+-----+--------+
         Total |   1721 |   1709 |     12 |    543 |    860 |   2 |  860.5 |
       Dungeon |   1721 |   1709 |     12 |    543 |    860 |   2 |  860.5 |
               +--------+--------+--------+--------+--------+-----+--------+

Top non-repeatable levels by time:
     D:1: 1102 daAuts
     D:2: 619 daAuts
